 Dungeon Crawl Stone Soup version 0.18.1-48-g4cf74bf (webtiles) character file.

156 tyranidshit the Skirmisher (level 5, -4/46 HPs)
             Began as a Demonspawn Abyssal Knight on Sept 8, 2016.
             Was a Believer of Lugonu.
             Slain by Grinder (6 damage)
             ... on level 3 of the Dungeon.
             The game lasted 00:07:52 (1712 turns).

tyranidshit the Skirmisher (DsAK)                   Turns: 1712, Time: 00:07:53

Health: -4/46      AC:  8    Str: 14    XL:     5   Next: 14%
Magic:  0/6        EV: 10    Int: 13    God:    Lugonu [**....]
Gold:   99         SH:  0    Dex: 12    Spells: 0 memorised, 4 levels left

rFire  . . .     SeeInvis .     r - +4 quarterstaff (chaos)
rCold  . . .     Gourm    +     m - +0 ring mail
rNeg   . . .     Faith    .     (shield currently unavailable)
rPois  .         Spirit   +     (no helmet)
rElec  .         Dismiss  .     s - +0 cloak
rCorr  .         Reflect  .     (no gloves)
SustAt .         Harm     .     n - +1 pair of boots
MR     .....                    k - amulet of the gourmand
Stlth  +.........               (no ring)
                                (no ring)

@: about to teleport, not resistant to hostile enchantments, very unstealthy
A: hooves 1, magic shield
a: Depart the Abyss, Bend Space, Renounce Religion


You were on level 3 of the Dungeon.
You worshipped Lugonu.
Lugonu was pleased with you.
You were not hungry.

You visited 1 branch of the dungeon, and saw 3 of its levels.
You visited the Abyss 1 time.

You collected 99 gold pieces.

Inventory:

Hand Weapons
 a - a +2 hand axe
 p - a +0 dagger of venom
 r - a +4 quarterstaff of chaos (weapon)
Armour
 b - a +0 leather armour
 m - a +0 ring mail (worn)
 n - a +1 pair of boots (worn)
 s - a +0 cloak (worn)
Jewellery
 k - an amulet of the gourmand (around neck)
Wands
 f - a wand of flame (12/48)
 g - a wand of random effects (27/48)
 h - a wand of lightning (10/15)
 j - a wand of flame (35/48)
Scrolls
 e - 2 scrolls of identify
 i - a scroll of teleportation
 o - a scroll of immolation
Potions
 l - a potion of agility
Comestibles
 c - a bread ration
 d - a slice of pizza
 q - 3 beef jerkies
 t - a meat ration


   Skills:
 + Level 5.9 Fighting
 - Level 1.7 Axes
 - Level 1.7 Armour
 - Level 0.8 Dodging
 - Level 2.4 Invocations


You had 4 spell levels left.
You didn't know any spells.

Dungeon Overview and Level Annotations

Branches:
Dungeon (3/15)

Altars:
Vehumet

Portals:
Sewer: D:3

Annotations:
D:3 Grinder, Natasha


Innate Abilities, Weirdness & Mutations

You have large cloven feet.
When hurt, damage is shared between your health and your magic reserves.


Message History

You hit Grinder but do no damage. The jackal bites you.
* * * LOW HITPOINT WARNING * * *
Grinder hits you.
* * * LOW HITPOINT WARNING * * *
You writhe in agony.
* * * LOW HITPOINT WARNING * * *
The jackal bites you but does no damage.
The jackal bites you.
* * * LOW HITPOINT WARNING * * *
Grinder falters for a moment.
The jackal barely misses you.
Drink which item? (? for menu, Esc to quit)
Okay, then.
Read which item? (? for menu, Esc to quit)
As you read the scroll of teleportation, it crumbles to dust.
You feel strangely unstable. The jackal closely misses you.
The jackal bites you but does no damage.
Grinder hits you.
* * * LOW HITPOINT WARNING * * *
You writhe in agony.
You die...

...###.# #.#...........
#... ...# #.#
#.#..#####.... #... ...#
#.## #.#..#≈≈≈#.. #...
...###..#####.#..#≈≈≈#..
#..$
#.............#..#≈∩≈#.>
#...
#.......<.†...#..#Ss≈#..
#...
#.........†...#..#SS≈#.#
#...
##.####.##.......##+##.#
...# #..#..#.##@5.....#
#### ##.#..#...hh...###
.#..#.###....# #.....
......$ ...#.# .......
....#.# ....... ....#.#
....### ....#


You could see Grinder, 3 adders, 2 jackals and a giant cockroach.

Vanquished Creatures
  Crazy Yiuf (D:3)
  Terence (D:2)
  4 adders (D:2)
  An ooze (D:1)
  2 giant geckos
  3 orcs (D:3)
  A ball python (D:2)
  6 giant cockroaches
  6 hobgoblins
  4 jackals (D:3)
  A bat (D:1)
  2 giant newts (D:1)
  10 goblins
  6 kobolds
  6 rats
54 creatures vanquished.

Vanquished Creatures (others)
  A goblin (D:2)
1 creature vanquished.

Grand Total: 55 creatures vanquished

Notes
Turn   | Place    | Note
--------------------------------------------------------------
     0 | Abyss:1  | tyranidshit the Demonspawn Abyssal Knight began the quest for the Orb.
     0 | Abyss:1  | Reached XP level 1. HP: 18/18 MP: 2/2
    71 | Abyss:2  | Noticed a large abomination
    76 | Abyss:2  | Noticed a large abomination
    84 | D:1      | Escaped the Abyss
   272 | D:1      | Gained mutation: When hurt, damage is shared between your health and your magic reserves. [demonic ancestry]
   272 | D:1      | Reached XP level 2. HP: 15/24 MP: 3/3
   279 | D:1      | Reached * piety under Lugonu
   770 | D:1      | Reached skill level 4 in Fighting
   881 | D:2      | Reached XP level 3. HP: 31/31 MP: 4/4
  1081 | D:2      | Found a radiant altar of Vehumet.
  1206 | D:2      | Gained mutation: You have large cloven feet. [demonic ancestry]
  1206 | D:2      | Reached XP level 4. HP: 28/38 MP: 5/5
  1212 | D:2      | Reached skill level 5 in Fighting
  1350 | D:2      | Reached ** piety under Lugonu
  1432 | D:3      | Noticed Terence
  1436 | D:3      | Noticed Natasha
  1453 | D:2      | Killed Terence
  1580 | D:3      | Noticed Crazy Yiuf
  1593 | D:3      | Killed Crazy Yiuf
  1593 | D:3      | Reached XP level 5. HP: 20/46 MP: 3/6
  1700 | D:3      | Found a glowing drain.
  1701 | D:3      | Noticed Grinder
  1712 | D:3      | HP: 2/46 [Grinder (1)]
  1712 | D:3      | Slain by Grinder

Skill      XL: |  1  2  3  4 |
---------------+-------------+-----
Fighting       | 4 5 |  5.9
Axes           | |  1.7
Armour         | |  1.7
Dodging        | |  0.8
Invocations    | |  2.4

Action                   |  1- 3 |  4- 6 || total
-------------------------+-------+-------++-------
Melee: Hand axe          |   119 |    40 ||   159
       Dagger            |       |     8 ||     8
       Quarterstaff      |       |    38 ||    38
Invok: Depart the Abyss  |     1 |       ||     1
  Use: Scroll            |     7 |     3 ||    10
       Potion            |     4 |     1 ||     5
  Eat: Bread ration      |       |     1 ||     1
Armor: Leather armour    |    12 |       ||    12
       Ring mail         |    45 |    49 ||    94
Dodge: Dodged            |    86 |    83 ||   169
